 Dungeon Sprint DCSS version 0.19-a0-1511-g16f215b (webtiles) character file.

7059 poirepourri the Peltast (level 10, -1/105 (106) HPs)
             Began as a Minotaur Fighter on Sept 11, 2016.
             Was the Champion of Makhleb.
             Slain by an orc warlord
             ... wielding a cursed +0 glaive
              (36 damage)
             ... in the Dungeon (Sprint V: "Ziggurat Sprint").
             The game lasted 00:04:08 (517 turns).

poirepourri the Peltast (Minotaur Fighter)           Turns: 517, Time: 00:04:09

HP:   -1/105 (106)  AC: 30    Str: 23    XL:     10   Next: 83%
MP:   9/9           EV:  3    Int:  5    God:    Makhleb [******]
Gold: 0             SH: 33    Dex: 17    Spells: 0 memorised, 9 levels left

rFire  + . .     SeeInvis +     a - +14 obsidian axe {chop, +Fly SInv *Curse} (curse)
rCold  + . .     Gourm    .     L - +15 Maxwell's patent armour {-Cast -Tele rElec MR+ rCorr}
rNeg   + . .     Faith    .     M - +18 shield of the Gong {rElec rN+ MR+ EV-5}
rPois  .         Spirit   .     (helmet restricted)
rElec  +         Dismiss  .     (no cloak)
rCorr  +         Reflect  .     (no gloves)
MR     ++...     Harm     .     (no boots)
Stlth  .......... NoTele   +    (no amulet) NoCast +
                                c - ring of Xom's Capriciousness {rF+ rC+ Slay+4}
                                A - +6 ring of dexterity

@: mesmerised
A: retaliatory headbutt, horns 2
a: Minor Destruction, Lesser Servant of Makhleb, Major Destruction, Greater
Servant of Makhleb, Renounce Religion, Evoke Flight


You were in the Dungeon.
You worshipped Makhleb.
Makhleb was exalted by your worship.
You were very full.

You visited 1 branch

Inventory:

Hand Weapons
 a - the cursed +14 obsidian axe (weapon) {chop, +Fly SInv *Curse}
   (You found it in the Dungeon)

   It inflicts extra damage upon your enemies.
   It lets you see invisible.
   It lets you fly.
   It may re-curse itself when equipped.
   It has a curse placed upon it.
 b - a +5 hand crossbow of electrocution
Missiles
 P - 1000 bolts
Armour
 o - a +0 shield of fire resistance
 L - the +15 Maxwell's patent armour (worn) {-Cast -Tele rElec MR+ rCorr}
   (You found it in the Dungeon)

   It insulates you from electricity.
   It affects your resistance to hostile enchantments.
   It prevents spellcasting.
   It prevents most forms of teleportation.
   It protects you from acid and corrosion.
 M - the +18 shield of the Gong (worn) {rElec rN+ MR+ EV-5}
   (You found it in the Dungeon)

   It affects your evasion (-5).
   It insulates you from electricity.
   It protects you from negative energy.
   It affects your resistance to hostile enchantments.
Jewellery
 c - the ring of Xom's Capriciousness (right hand) {rF+ rC+ Slay+4}
   (You found it in the Dungeon)

   [ring of protection from cold]

   It affects your accuracy and damage with ranged weapons and melee attacks
   (+4).
   It protects you from fire.
   It protects you from cold.
 y - a +6 ring of dexterity
 A - a +6 ring of dexterity (left hand)
 B - the ring "Jutaety" {*Contam +Blink rF+ rC+}
   (You found it in the Dungeon)

   [ring of protection from fire]

   It protects you from fire.
   It protects you from cold.
   It lets you blink.
   It causes magical contamination when unequipped.
 C - a +6 ring of intelligence
 D - a +6 ring of strength
 E - a +6 ring of strength
 K - an uncursed ring of flight
 N - the ring of Okeplei {Fire rPois Int-5 Dex+6}
   (You found it in the Dungeon)

   [ring of fire]

   It enhances your fire magic.
   It affects your intelligence (-5).
   It affects your dexterity (+6).
   It protects you from fire.
   It makes you vulnerable to cold.
   It protects you from poison.
 O - the ring "Untuolaukh" {Str+3 Dex+3}
   (You found it in the Dungeon)

   [ring of dexterity]

   It affects your strength (+3).
   It affects your dexterity (+3).
 R - the amulet "Rimiq" {Harm *Drain rN+}
   (You found it in the Dungeon)

   [amulet of harm]

   It increases damage dealt and taken.
   It protects you from negative energy.
   It causes draining when unequipped.
Wands
 F - a wand of disintegration (7/24)
 G - a wand of iceblast (5/15)
 H - a wand of lightning (5/15)
 I - a wand of acid (5/15)
Scrolls
 k - 4 scrolls of blinking
 q - 4 scrolls of amnesia
 r - 3 scrolls of recharging
 s - 7 scrolls of fog
 t - a scroll of holy word
 u - 4 scrolls of identify
 v - 4 scrolls of remove curse
 w - 2 scrolls of fear
 Q - 2 scrolls of brand weapon
Potions
 d - 6 potions of might
 e - 10 potions of curing
 g - 10 potions of heal wounds
 h - 6 potions of haste
 i - 7 potions of magic
 j - 3 potions of berserk rage
 l - 2 potions of brilliance
 m - 2 potions of invisibility
 n - 4 potions of resistance
 p - 5 potions of agility
Books
 S - Ymucoxzi's Compendium of Blistering Confrontation
   (You found it in the Dungeon)

   Spells                             Type                      Level
   a - Throw Frost                    Conjuration/Ice              2
   b - Stone Arrow                    Conjuration/Earth            3
   c - Conjure Flame                  Conjuration/Fire             3
   d - Lightning Bolt                 Conjuration/Air              5
Miscellaneous
 J - a disc of storms
Comestibles
 f - 5 bread rations
 x - 42 fruits
 z - 3 meat rations


   Skills:
 + Level 15.5 Fighting
 + Level 16.2 Axes
 + Level 12.2 Armour
 + Level 1.8 Dodging
 + Level 16.8 Shields


You had 9 spell levels left.
You didn't know any spells.

Dungeon Overview and Level Annotations

Branches:
Dungeon (1/1)

Altars:
Ashenzari
Cheibriados
Dithmenos
Elyvilon
Fedhas
Gozag
Hepliaklqana
Kikubaaqudgha
Makhleb
Nemelex Xobeh
Okawaru
Qazlal
Ru
Sif Muna
Trog
Uskayaw
Vehumet
Xom
Yredelemnul
Zin
The Shining One
Beogh
Jiyva
Lugonu


Innate Abilities, Weirdness & Mutations

You reflexively headbutt those who attack you in melee.
You have a pair of horns on your head.


Message History

The orc wizard casts a spell at you. The magic dart hits you!
You block the orc wizard's attack.
GONNNNG!
You slice the orc warlord!!
You headbutt the orc warlord, but do no damage.
The orc warlord is heavily wounded.
You miss the orc wizard. The orc warlord completely misses you.
You furiously retaliate!
You headbutt the orc warlord. You block the orc wizard's attack.
GONNNNG!
You slash the orc warlord!
The orc warlord is severely wounded.
You slice the orc wizard!! You open a gate to Pandemonium!
A demon appears!
You are no longer entranced.
You kill the orc wizard!
Makhleb accepts your kill.
You feel better.
Visions of slaying the orc warlord flood into your mind.
The orc warlord hits you with a glaive!!!
You die...

▓.▓.....▓.▓.▓.†.▓.▓
▓.........▓.......▓
▓▓▓▓▓▓▓▓▓▓▓▓▓▓▓▓▓▓▓▓▓
▓...8©8...▓...8©8...▓
▓..|))....▓..))}|...▓
▓.."[)[...▓...5333..▓
▓......3..▓...)55...▓
▓...)o....▓...†.)...▓
▓...)@4...▓...(()...▓
▓...).)...▓....(....▓
▓.........▓....(....▓
▓.▓.....▓.▓....(....▓
▓.........▓▓▓▓▓▓▓▓▓▓▓
▓▓▓▓▓▓▓▓▓▓▓


You could see an orc warlord, a friendly ice devil and a friendly sixfirhy.

Vanquished Creatures
  An orc sorcerer (D)
  A cyclops (D)
  A spiny frog (D)
  A rime drake (D)
  6 merfolk (D)
  A yak (D)
  A hippogriff (D)
  3 steam dragons (D)
  A mottled dragon (D)
  2 nagas (D)
  A swamp drake (D)
  5 orc warriors (D)
  2 phantoms (D)
  3 centaurs (D)
  2 necrophages (D)
  An ogre (D)
  3 scorpions (D)
  3 wights (D)
  2 orc priests (D)
  4 orc wizards (D)
  3 adders (D)
  4 orcs (D)
  A ball python (D)
  2 bat zombies (D)
  A jackal (D)
  A giant gecko skeleton (D)
  A jackal skeleton (D)
57 creatures vanquished.

Vanquished Creatures (collateral kills)
  An orc warlord (D)
  A spiny frog (D)
  A yak (D)
  A steam dragon (D)
  An iguana (D)
5 creatures vanquished.

Vanquished Creatures (others)
  A rime drake (D)
1 creature vanquished.

Grand Total: 63 creatures vanquished

Notes
Turn   | Place    | Note
-------+----------+-------------------------------------------
     0 | D        | poirepourri the Minotaur Fighter began the quest for the Orb.
     0 | D        | Reached XP level 1. HP: 19/19 MP: 0/0
     0 | D        | Found a blossoming altar of Fedhas.
     1 | D        | Found a deep blue altar of Sif Muna.
     1 | D        | Found a sacrificial altar of Ru.
     1 | D        | Found a bloodstained altar of Trog.
     1 | D        | Found a stormy altar of Qazlal.
     1 | D        | Found an iron altar of Okawaru.
     1 | D        | Found a sparkling altar of Nemelex Xobeh.
     3 | D        | Found an ancient bone altar of Kikubaaqudgha.
     3 | D        | Found a viscous altar of Jiyva.
     3 | D        | Found a corrupted altar of Lugonu.
     3 | D        | Found a hazy altar of Hepliaklqana.
     3 | D        | Found a burning altar of Makhleb.
     3 | D        | Found an opulent altar of Gozag.
   123 | D        | Became a worshipper of Makhleb the Destroyer
   183 | D        | Entered arena 1.
   183 | D        | Noticed a merfolk
   183 | D        | Noticed a merfolk
   188 | D        | Killed a merfolk
   188 | D        | Reached XP level 2. HP: 24/35 MP: 1/1
   188 | D        | Reached XP level 3. HP: 27/40 MP: 2/2
   188 | D        | Reached XP level 4. HP: 33/48 MP: 3/3
   188 | D        | Reached XP level 5. HP: 36/53 MP: 4/4
   195 | D        | Killed a merfolk
   195 | D        | Reached skill level 10 in Armour
   195 | D        | Reached skill level 10 in Shields
   195 | D        | Reached XP level 6. HP: 46/64 MP: 5/5
   196 | D        | Reached XP level 7. HP: 54/75 MP: 6/6
   289 | D        | Entered arena 2.
   291 | D        | Reached * piety under Makhleb
   299 | D        | Entered arena 3.
   301 | D        | Reached ** piety under Makhleb
   306 | D        | Reached XP level 8. HP: 78/83 MP: 7/7
   316 | D        | Got the ring of Xom's Capriciousness {rF+ rC+ Slay+4}
   320 | D        | Entered arena 4.
   322 | D        | Reached *** piety under Makhleb
   349 | D        | Entered arena 5.
   352 | D        | Reached **** piety under Makhleb
   366 | D        | Got the ring "Jutaety" {*Contam +Blink rF+ rC+}
   369 | D        | Got the ring of Okeplei {Fire rPois Int-5 Dex+6}
   372 | D        | Entered arena 6.
   375 | D        | Reached skill level 10 in Axes
   376 | D        | Reached ***** piety under Makhleb
   393 | D        | Entered arena 7.
   393 | D        | Noticed a spiny frog
   393 | D        | Noticed a spiny frog
   398 | D        | Killed a spiny frog
   399 | D        | Killed a spiny frog
   404 | D        | Reached XP level 9. HP: 93/93 MP: 8/8
   409 | D        | Got the ring "Untuolaukh" {Str+3 Dex+3}
   415 | D        | Entered arena 8.
   419 | D        | Reached ****** piety under Makhleb
   440 | D        | Got the amulet "Rimiq" {Harm *Drain rN+}
   442 | D        | Entered arena 9.
   442 | D        | Noticed a rime drake
   442 | D        | Noticed a rime drake
   445 | D        | Noticed a soul eater
   446 | D        | Killed a rime drake
   450 | D        | Reached skill level 1 in Dodging
   451 | D        | Killed a rime drake
   466 | D        | Identified Ymucoxzi's Compendium of Blistering Confrontation (You found it in the Dungeon)
   484 | D        | Entered arena 10.
   484 | D        | Noticed a cyclops
   484 | D        | Noticed a merfolk
   484 | D        | Noticed a merfolk
   484 | D        | Noticed a merfolk
   484 | D        | Noticed a merfolk
   491 | D        | Killed a merfolk
   491 | D        | Killed a merfolk
   491 | D        | Reached XP level 10. HP: 103/103 MP: 9/9
   492 | D        | Killed a cyclops
   492 | D        | Reached skill level 15 in Shields
   495 | D        | Reached skill level 15 in Axes
   500 | D        | Entered arena 11.
   500 | D        | Noticed an orc warlord
   501 | D        | Noticed an orc sorcerer
   501 | D        | Noticed an orc warlord
   511 | D        | Killed an orc warlord
   511 | D        | Reached skill level 15 in Fighting
   515 | D        | Killed an orc sorcerer
   517 | D        | Slain by an orc warlord

Vault maps used:
D:        sprint_v

Skill      XL: |  1  2  3  4  5  6  7  8  9 10 |
---------------+-------------------------------+-----
Fighting       | 8 9 11 12 13 14 15 | 15.5
Axes           | 4 6 9 11 14 16 | 16.2
Armour         | 8 10 11 12 | 12.2
Shields        | 8 10 12 14 16 | 16.8
Dodging        | 1 |  1.8

Action                   |  1- 3 |  4- 6 |  7- 9 | 10-12 || total
-------------------------+-------+-------+-------+-------++-------
Melee: Broad axe         |     4 |     6 |    45 |    16 ||    71
       Headbutt          |     1 |     4 |    13 |     3 ||    21
  Use: Scroll            |     1 |       |     3 |       ||     4
       Potion            |       |     1 |       |       ||     1
 Stab: Distracted        |       |       |     1 |       ||     1
  Eat: Meat ration       |       |       |     1 |       ||     1
Armor: Plate armour      |     3 |     2 |    21 |     7 ||    33
Dodge: Dodged            |       |       |     2 |     3 ||     5
Block: Shield            |     7 |     7 |    82 |    37 ||   133
